 Dungeon Crawl Stone Soup version 0.29.1-1-gd02db69 (webtiles) character file.

Game seed: 3966584075885084734

394 Ayyar the Grasshopper (level 6, -3/51 HPs)
             Began as a Gnoll Warper on Apr 27, 2023.
             Was a Believer of Okawaru.
             Slain by an ogre
             ... wielding a +0 giant spiked club
              (31 damage)
             ... on level 4 of the Dungeon.
             The game lasted 00:24:05 (4549 turns).

Ayyar the Grasshopper (Gnoll Warper)                Turns: 4549, Time: 00:24:05

Health: -3/51      AC:  4    Str: 13    XL:     6   Next: 81%
Magic:  14/14      EV: 13    Int: 12    God:    Okawaru [**....]
Gold:   102        SH:  0    Dex: 11    Spells: 8/16 levels left

rFire   + . .      SeeInvis .   a - +0 spear
rCold   + . .      Faith    .   (no shield)
rNeg    . . .      Spirit   .   l - +2 robe {rC+ rF+}
rPois   .          Reflect  .   (no helmet)
rElec   .          Harm     .   (no cloak)
rCorr   .          Rampage  .   (no gloves)
Will    .....                   (no boots)
Stlth   ++........              (no amulet)
HPRegen 0.17/turn               (no ring)
MPRegen 0.14/turn               (no ring)

@: no status effects
A: fangs 1, strong nose, distributed training
a: Renounce Religion, Heroism


You were on level 4 of the Dungeon.
You worshipped Okawaru.
Okawaru was pleased with you.
You visited 1 branch of the dungeon, and saw 4 of its levels.

You collected 102 gold pieces.

Inventory:

Hand Weapons
 a - a +0 spear (weapon)
Missiles
 d - 6 boomerangs of dispersal
 n - 5 poisoned darts (quivered)
 r - 4 boomerangs
Armour
 l - a +2 robe of resistance (worn)
Wands
 s - a wand of mindburst (14)
Scrolls
 e - 2 scrolls of teleportation {unknown}
 f - 4 scrolls of identify {unknown}
 g - 2 scrolls of enchant armour {unknown}
 i - a scroll of acquirement {unknown}
 k - a scroll of vulnerability {unknown}
 o - a scroll of poison {unknown}
 q - a scroll of noise {unknown}
Potions
 b - a potion of haste {unknown}
 c - 2 potions of curing
 h - a potion of degeneration {unknown}
 j - 2 potions of attraction {unknown}
 m - a potion of heal wounds
 p - a potion of ambrosia {unknown}


   Skills:
 + Level 5.1 Fighting
 + Level 2.2 Short Blades
 + Level 2.2 Long Blades
 + Level 2.2 Axes
 + Level 2.2 Maces & Flails
 + Level 5.1 Polearms
 + Level 2.2 Staves
 + Level 2.2 Ranged Weapons
 + Level 3.4 Throwing
 + Level 3.4 Armour
 + Level 5.1 Dodging
 + Level 2.2 Stealth
 + Level 2.2 Shields
 + Level 2.2 Unarmed Combat
 + Level 5.5 Spellcasting
 + Level 1.8 Conjurations
 + Level 1.8 Hexes
 + Level 1.8 Summonings
 + Level 1.8 Necromancy
 + Level 5.7 Translocations
 + Level 1.8 Transmutations
 + Level 1.8 Fire Magic
 + Level 1.8 Ice Magic
 + Level 1.8 Air Magic
 + Level 1.8 Earth Magic
 + Level 1.8 Poison Magic
 + Level 2.4 Invocations
 + Level 2.2 Evocations


You had 8 spell levels left.
You knew the following spells:

 Your Spells              Type           Power      Damage    Failure   Level
a - Blink                 Tloc           34%        N/A       2%          2
b - Gell's Gravitas       Tloc           17%        N/A       5%          3
c - Teleport Other        Tloc           17%        N/A       5%          3

Your spell library contained the following spells:

 Spells                   Type           Power      Damage    Failure   Level
 Lesser Beckoning         Tloc           17%        N/A       5%          3
 Sting                    Tmut/Pois      28%        1d4       9%          1
 Poisonous Vapours        Pois/Air       14%        N/A       14%         2
 Manifold Assault         Tloc           17%        N/A       45%         5
 Olgreb's Toxic Radiance  Pois           7%         N/A       65%         4


Dungeon Overview and Level Annotations

Branches:
Dungeon (4/15)
 Temple: D:4-7

Altars:
Okawaru


Innate Abilities, Weirdness & Mutations

You have very sharp teeth.
Your uncanny sense of smell can sniff out nearby items.
Your experience applies equally to all skills.


Message History

The quokka is severely wounded.
The quokka barely misses you.
You completely miss the quokka.
The quokka is severely wounded.
You feel sick.
You miss the quokka. Your punch misses the quokka.
The quokka is severely wounded.
You feel sick. The quokka misses you.
You feel sick.
You are no longer poisoned.
The quokka barely misses you.
You feel better.
The quokka bites you but does no damage.
The quokka barely misses you. The quokka closely misses you.
You hit the quokka but do no damage.
The quokka is severely wounded.
You hit the quokka.
You kill the quokka!
Okawaru accepts your kill.
You feel like a meek peon again.
You hit the kobold but do no damage. The kobold barely misses you.
You hit the kobold but do no damage. The kobold misses you.
You hit the kobold.
You kill the kobold!
Okawaru accepts your kill.
You hit the ogre but do no damage. You bite the ogre.
The ogre is lightly wounded.
The ogre closely misses you.
You hit the ogre.
The ogre is lightly wounded.
You hit the ogre.
The ogre is moderately wounded.
The ogre barely misses you.
You hit the ogre.
The ogre is moderately wounded.
You barely miss the ogre. You bite the ogre.
The ogre is moderately wounded.
The ogre hits you with a +0 giant spiked club!!
Ouch! That really hurt!
You die...

#....# #.#.. ..#..
#....######.#.. . #.#..#
#.............. ..#....#
#......####.#.. .....#
#.............. # ....#
#......#######. #. #..#
#####...# #<
#.###..###.......# #.
###.....gO@+......)#######.
.........###...............
###......# #..###..#####...
.........# ##..##..# .....
.##.###..#####.##..#......#
#...K...................
##...h#.....##......... ∆
#...r#.....##.........
+....#..........>.....


You could see an ogre and a goblin.

Vanquished Creatures
  A centaur (D:3)
  A scorpion (D:4)
  2 howler monkeys
  Jessica (D:2)
  Natasha (thrice) (D:2)
  An adder (D:4)
  An ufetubus (D:2)
  2 dart slugs
  7 ball pythons
  5 endoplasms
  2 giant cockroaches (D:2)
  5 goblins
  5 hobgoblins
  7 jackals
  8 quokkas
  A bat (D:1)
  9 frilled lizards
  6 kobolds
  6 rats
73 creatures vanquished.

Notes
Turn   | Place    | Note
-------+----------+-------------------------------------------
     0 | D:1      | Ayyar the Gnoll Warper began the quest for the Orb.
     0 | D:1      | Reached XP level 1. HP: 20/20 MP: 6/6
   259 | D:1      | Reached XP level 2. HP: 26/26 MP: 7/7
   690 | D:1      | Found a faded altar of an unknown god.
   699 | D:1      | Prayed at the altar of an unknown god.
   699 | D:1      | Became a worshipper of Warmaster Okawaru
   699 | D:1      | Reached * piety under Okawaru
  1133 | D:2      | Reached skill level 5 in Spellcasting
  1133 | D:2      | Reached XP level 3. HP: 28/31 MP: 7/9
  1306 | D:2      | Identified the +0 leather armour of Nissuck {Rampage *Slow
                  | +Inv}
  1309 | D:2      | Noticed Natasha
  1392 | D:3      | Learned a level 2 spell: Blink
  1421 | D:2      | Killed Natasha
  1422 | D:2      | Reached skill level 1 in Short Blades
  1422 | D:2      | Reached skill level 1 in Long Blades
  1422 | D:2      | Reached skill level 1 in Axes
  1422 | D:2      | Reached skill level 1 in Maces & Flails
  1422 | D:2      | Reached skill level 1 in Staves
  1422 | D:2      | Reached skill level 1 in Ranged Weapons
  1422 | D:2      | Reached skill level 1 in Stealth
  1422 | D:2      | Reached skill level 1 in Shields
  1422 | D:2      | Reached skill level 1 in Unarmed Combat
  1422 | D:2      | Reached skill level 1 in Invocations
  1422 | D:2      | Reached skill level 1 in Evocations
  1561 | D:2      | Reached XP level 4. HP: 26/38 MP: 11/11
  1719 | D:2      | Noticed Jessica
  2054 | D:2      | Killed Jessica
  2055 | D:2      | Reached skill level 1 in Conjurations
  2055 | D:2      | Reached skill level 1 in Hexes
  2055 | D:2      | Reached skill level 1 in Summonings
  2055 | D:2      | Reached skill level 1 in Necromancy
  2055 | D:2      | Reached skill level 1 in Transmutations
  2055 | D:2      | Reached skill level 1 in Fire Magic
  2055 | D:2      | Reached skill level 1 in Ice Magic
  2055 | D:2      | Reached skill level 1 in Air Magic
  2055 | D:2      | Reached skill level 1 in Earth Magic
  2055 | D:2      | Reached skill level 1 in Poison Magic
  2072 | D:2      | Learned a level 3 spell: Gell's Gravitas
  2076 | D:2      | Learned a level 3 spell: Teleport Other
  2542 | D:2      | Noticed Natasha
  2567 | D:2      | Killed Natasha
  2568 | D:2      | Reached XP level 5. HP: 21/43 MP: 12/12
  2721 | D:2      | Noticed Natasha
  2742 | D:2      | Killed Natasha
  3199 | D:3      | Noticed a centaur
  3320 | D:3      | Killed a centaur
  3320 | D:3      | Reached ** piety under Okawaru
  3321 | D:3      | Reached XP level 6. HP: 25/50 MP: 13/13
  3657 | D:3      | Reached skill level 5 in Fighting
  3657 | D:3      | Reached skill level 5 in Polearms
  3657 | D:3      | Reached skill level 5 in Dodging
  4549 | D:4      | Slain by an ogre

Illustrated notes

Levels and vault maps discovered:
D:1:      minmay_arrival_stone_box, layout_basic, ebering_ecumenical_altar_box,
          chequers_serial_rivers_room_b
D:2:      layout_basic, uniq_jessica, uniq_natasha
D:3:      layout_basic, corexii_corridor_pit, kennysheep_generic_room_6
D:4:      layout_basic, kennysheep_ying_yang, corner_web_ring

Skill      XL: |  1  2  3  4  5  6 |
---------------+-------------------+-----
Spellcasting   | 5 |  5.5
Short Blades   | 1 2 |  2.2
Long Blades    | 1 2 |  2.2
Axes           | 1 2 |  2.2
Maces & Flails | 1 2 |  2.2
Staves         | 1 2 |  2.2
Ranged Weapons | 1 2 |  2.2
Stealth        | 1 2 |  2.2
Shields        | 1 2 |  2.2
Unarmed Combat | 1 2 |  2.2
Invocations    | 1 2 |  2.4
Evocations     | 1 2 |  2.2
Conjurations   | 1 |  1.8
Hexes          | 1 |  1.8
Summonings     | 1 |  1.8
Necromancy     | 1 |  1.8
Transmutations | 1 |  1.8
Fire Magic     | 1 |  1.8
Ice Magic      | 1 |  1.8
Air Magic      | 1 |  1.8
Earth Magic    | 1 |  1.8
Poison Magic   | 1 |  1.8
Throwing       | 3 |  3.4
Armour         | 3 |  3.4
Fighting       | 5 |  5.1
Polearms       | 5 |  5.1
Dodging        | 5 |  5.1
Translocations | |  5.7

Action                   |  1- 3 |  4- 6 || total
-------------------------+-------+-------++-------
Melee: Spear             |   106 |   228 ||   334
       Bite              |     5 |    21 ||    26
       Punch             |     2 |     4 ||     6
Throw: Dart              |       |     4 ||     4
       Boomerang         |       |     1 ||     1
Invok: Heroism           |       |     1 ||     1
Evoke: Wand              |       |     1 ||     1
  Use: Potion            |     2 |     2 ||     4
       Scroll            |     1 |       ||     1
 Stab: Sleeping          |     1 |     5 ||     6
Armor: Leather armour    |    16 |     3 ||    19
       Robe              |       |    27 ||    27
Dodge: Dodged            |    48 |   118 ||   166
